Map: Taito Citadel LE

Players

MajorOne

  • Race: Terran Terran
  • League: Diamond
  • Spawn Location: 11:00

DmitryK - Winner!

  • Race: Terran Terran
  • League: Platinum
  • Spawn Location: 5:00

VOD

Have the link to the VOD?

Description

Time

  • Played on: April 10, 2026, 3:56 p.m.
  • Length: 13:11
Show
View Real Time Build Order
Export as new Build Order

MajorOne Terran 

Build Orders:  

Get SALT Encoding   

  12  0:00  SCV  
  13  0:12  SCV  
  14  0:17  Supply Depot  
  14  0:26  SCV  
  15  0:39  SCV  
  16  0:47  Barracks  
  16  0:55  Barracks  
  16  0:59  SCV  
  16  1:03  Refinery  
  17  1:11  SCV  
  18  1:32  SCV  
  19  1:40  Barracks Tech Lab, Supply Depot  
  19  1:44  SCV  
  20  1:49  Barracks Tech Lab  
  20  1:56  Orbital Command  
  20  2:00  Marauder  
  22  2:05  Refinery  
  22  2:17  Concussive Shells  
  22  2:27  Marauder  
  24  2:34  Marauder, SCV  
  27  2:49  Marauder  
  28  2:57  Marauder, SCV  
  31  3:13  Factory  
  31  3:18  Supply Depot  
  31  3:33  Bunker  
  31  3:36  SCV, Marauder  
  31  3:40  Marauder  
  32  3:41  Stimpack  
  32  3:58  Command Center  
  36  4:03  Marauder  
  36  4:08  Factory Reactor  
  36  4:09  Starport  
  34  4:13  Marauder  
  36  4:18  SCV  
  37  4:25  Engineering Bay  
  37  4:30  Engineering Bay  
  37  4:33  SCV  
  38  4:52  Factory Tech Lab  
  38  4:55  Supply Depot  
  38  4:56  Viking  
  38  4:59  Supply Depot  
  39  5:09  Marine x2, Viking  
  43  5:20  Orbital Command  
  43  5:28  Viking  
  45  5:35  SCV  
  46  5:39  Viking  
  48  5:50  Supply Depot, SCV  
  48  5:53  SCV  
  53  5:57  Siege Tank  
  53  6:02  SCV  
  54  6:05  SCV  
  55  6:14  SCV  
  56  6:26  Viking x2  
  60  6:35  Siege Tank  
  63  6:56  Viking  
  63  7:01  SCV x2  
  67  7:04  Command Center, Refinery  
  67  7:06  Refinery  
  67  7:13  SCV x2  
  67  7:15  Barracks x2  
  69  7:17  Supply Depot x2  
  69  7:24  Siege Tank  
  69  7:25  SCV x2  
  74  7:30  Viking  
  76  7:40  Viking  
  76  7:43  SCV x2  
  80  7:55  SCV x2  
  82  8:06  Barracks Reactor  
  82  8:07  Barracks Tech Lab, SCV  
  82  8:10  Barracks  
  83  8:13  Engineering Bay x2, Barracks  
  83  8:16  SCV  
  83  8:18  SCV  
  85  8:22  Viking  
  87  8:36  SCV x2, Orbital Command  
  88  8:48  SCV  
  86  8:56  Marine x3  
  86  8:57  Siege Tank, Viking  
  86  8:58  Viking  
  86  9:02  SCV x3  
  99  9:05  Missile Turret  
  99  9:07  Missile Turret  
  99  9:08  Supply Depot  
  99  9:12  Terran Infantry Weapons Level 1  
  99  9:14  SCV x2  
  101  9:19  Marine x3, Orbital Command  
  101  9:20  Barracks Tech Lab  
  101  9:22  Barracks Tech Lab  
  104  9:29  Viking x2  
  108  9:31  SCV x2  
  108  9:38  Combat Shield  
  110  9:43  SCV x2  
  112  9:55  SCV  
  113  10:04  Orbital Command  
  84  10:12  Marine x3  
  84  10:13  Marauder x2  
  56  10:30  Marine  
  52  10:36  Marine x2  
  52  10:37  Marauder x2  
  52  10:40  Viking  
  52  10:46  Siege Tank, Viking  
  52  10:48  Marine  
  58  10:51  Terran Infantry Armor Level 1  
  58  10:53  Marine x2  
  58  10:59  Marine x2  
  60  11:10  Viking  
  62  11:11  Marine  
  62  11:12  Marine  
  62  11:13  Marine  
  62  11:14  SCV x2  
  62  11:16  Viking  
  62  11:17  Marine  
  62  11:18  Marine, Siege Tank  
  74  11:20  Command Center  
  74  11:29  Marine  
  62  11:35  Missile Turret  
  62  11:36  Marine x4  
  62  11:37  SCV  
  62  11:38  Missile Turret  
  67  11:40  Medivac  
  67  11:44  SCV  
  67  11:46  Medivac  
  72  11:47  Marine  
  72  11:49  SCV  
  72  11:53  Marine  
  72  11:54  Marine  
  72  12:15  Marine x2  
  72  12:16  Marine x3, Siege Tank  
  72  12:17  Viking, Missile Turret  
  72  12:20  Missile Turret  
  82  12:23  Missile Turret  
  82  12:33  Marine x4  
  82  12:36  Marine  
  87  12:39  Missile Turret  
  87  12:47  SCV x2  
  89  12:59  SCV  
Show
View Real Time Build Order
Export as new Build Order

DmitryK Terran - Winner!

Build Orders:  

Get SALT Encoding   

  12  0:00  SCV  
  13  0:12  SCV  
  14  0:17  Supply Depot  
  14  0:24  SCV  
  15  0:38  SCV  
  15  0:40  Barracks  
  16  0:44  Refinery  
  16  0:51  SCV  
  16  0:52  Refinery  
  17  1:03  SCV  
  18  1:16  SCV  
  19  1:28  Barracks Reactor  
  19  1:30  Orbital Command  
  19  1:32  Supply Depot  
  19  1:49  Factory  
  19  1:55  SCV  
  21  2:10  SCV  
  23  2:24  Supply Depot  
  23  2:26  Marine x2  
  23  2:28  Bunker  
  22  2:32  Factory Tech Lab  
  22  2:34  Bunker, SCV  
  23  2:44  Marine x2  
  22  3:00  Siege Tank  
  22  3:02  Marine x2  
  26  3:14  SCV  
  26  3:19  Marine  
  27  3:20  Marine  
  28  3:34  Siege Tank  
  31  3:43  Supply Depot  
  31  3:58  Starport  
  31  4:04  Marine x2  
  31  4:05  SCV  
  31  4:06  Supply Depot  
  34  4:11  Supply Depot  
  34  4:17  SCV  
  35  4:29  SCV  
  36  4:41  SCV  
  37  4:47  Viking  
  39  5:01  Command Center  
  39  5:03  Siege Tank  
  39  5:05  Viking  
  44  5:07  SCV  
  44  5:13  Starport  
  45  5:20  SCV  
  48  5:28  Liberator  
  48  5:32  SCV  
  50  5:45  SCV, Viking  
  50  5:48  Supply Depot  
  53  5:55  Viking  
  55  6:02  Refinery  
  55  6:10  SCV  
  56  6:11  Supply Depot  
  56  6:13  Viking  
  58  6:22  SCV  
  59  6:28  Siege Tank, Viking  
  64  6:35  SCV  
  65  6:47  SCV  
  66  6:52  Barracks Reactor  
  57  7:01  Viking  
  57  7:02  Viking  
  57  7:03  SCV  
  62  7:15  SCV, Refinery  
  65  7:27  SCV  
  66  7:36  Viking x2  
  68  7:39  SCV  
  69  7:46  Viking x2  
  72  8:05  SCV  
  72  8:06  Viking x2  
  78  8:17  Viking x2  
  78  8:18  SCV  
  78  8:19  Orbital Command  
  82  8:27  Bunker  
  82  8:30  SCV  
  81  8:42  Liberator, SCV  
  81  8:45  SCV  
  86  9:01  Supply Depot  
  86  9:09  Supply Depot  
  86  9:22  SCV x2, Siege Tank  
  91  9:27  Viking  
  93  9:34  SCV x2  
  93  9:36  Factory  
  95  9:45  Viking  
  95  9:46  Viking  
  82  10:20  Viking x2  
  83  10:24  Siege Tank  
  74  10:56  Siege Tank  
  77  11:00  Factory Tech Lab  
  77  11:04  Liberator, Viking x3  
  86  11:14  SCV  
  86  11:15  Command Center  
  87  11:29  Siege Tank  
  85  11:34  Siege Tank  
  85  11:35  SCV  
  89  11:40  Factory  
  89  11:57  Viking x2  
  89  12:01  Siege Tank  
  96  12:02  SCV x2  
  98  12:12  Refinery  
  95  12:18  Siege Tank  
  95  12:20  SCV x2  
  100  12:27  Refinery, Factory, Factory Reactor  
  100  12:30  Supply Depot  
  100  12:31  Supply Depot  
  100  12:32  SCV x2  
  100  12:33  Siege Tank  
Tags
 
Add a new tag
Caveats
  • Supply blocks, unpowered buildings, or Contaminate may cause inaccurate times.
  • Supply counts are checked every 10 seconds.